 Dungeon Crawl Stone Soup version 0.20-a0-751-g905781e (webtiles) character file.

512 Amciq the Cudgeler (level 6, 0/94 HPs)
             Began as a Troll Berserker on Feb 25, 2017.
             Was a Priest of Trog.
             Slain by an ice beast (5 damage)
             ... on level 5 of the Dungeon.
             The game lasted 00:08:42 (2717 turns).

Amciq the Cudgeler (Troll Berserker)                Turns: 2717, Time: 00:08:43

Health: 0/94       AC:  5    Str: 32    XL:     6   Next: 99%
Magic:  5/5        EV: 10    Int:  3    God:    Trog [***...]
Gold:   261        SH:  0    Dex: 10    Spells: 5/5 levels left

rFire    . . .     SeeInvis .   w - +0 giant spiked club
rCold    . . .     Gourm    +   b - +0 animal skin
rNeg     . . .     Faith    .   (shield currently unavailable)
rPois    .         Spirit   .   (helmet restricted)
rElec    .         Reflect  .   (no cloak)
rCorr    .         Harm     .   (gloves unavailable)
MR       ++...                  (boots unavailable)
Stlth    ..........             (no amulet)
Regen    1.7/turn               (no ring)
MPRegen  0.1/turn               (no ring)

@: berserking, lethally poisoned (0 -> 0), regenerating, very quick
A: unfitting armour, claws 3, fast metabolism 3, gourmand, regeneration 1,
shaggy fur 1, tough skin 2
a: Berserk, Trog's Hand, Burn Spellbooks, Renounce Religion


You were on level 5 of the Dungeon.
You worshipped Trog.
Trog was most pleased with you.
You were not hungry.

You visited 1 branch of the dungeon, and saw 5 of its levels.

You collected 261 gold pieces.

Inventory:

Hand Weapons
 w - a +0 giant spiked club (weapon)
Missiles
 l - 89 stones (quivered)
Armour
 b - a +0 animal skin (worn)
Scrolls
 d - 2 scrolls of teleportation {unknown}
 e - a scroll of magic mapping
 f - a scroll of fear {unknown}
 g - 3 scrolls of remove curse {unknown}
 h - a scroll of amnesia {unknown}
 j - a scroll of fog {unknown}
 k - 4 scrolls of identify
 n - a scroll of noise {unknown}
Potions
 i - 2 potions of agility {unknown}
 m - a potion of curing
 p - 3 potions of lignification
 q - 3 potions of brilliance {unknown}
 s - 2 potions of degeneration {unknown}
 u - 3 potions of mutation {unknown}
Comestibles
 c - 5 bread rations
 o - 2 meat rations
 r - 6 fruits


   Skills:
 * Level 4.6 Fighting
 * Level 4.8 Maces & Flails
 + Level 2.9 Throwing
 - Level 2.4 Dodging


You had 5 spell levels left.
You didn't know any spells.

Dungeon Overview and Level Annotations

Branches:
Dungeon (5/15)
 Temple: D:4-7

Altars:
Ashenzari
Trog
Wu Jian


Innate Abilities, Weirdness & Mutations

You are too large for most types of armour.
You have claws for hands.
Your metabolism is lightning-fast.
You like to eat raw meat.
Your natural rate of healing is unusually fast.
You are covered in fur. (AC +1)
You have very tough skin. (AC +2)


Message History

The ice beast is severely wounded.
The ice beast hits you. The ice beast freezes you!
* * * LOW HITPOINT WARNING * * *
You closely miss the ice beast.
The ice beast is severely wounded.
You feel the effects of Trog's Hand fading.
You feel sick. The ice beast hits you.
* * * LOW HITPOINT WARNING * * *
The ice beast freezes you!
* * * LOW HITPOINT WARNING * * *
You closely miss the ice beast.
The ice beast is severely wounded.
The ice beast closely misses you. The ice beast hits you.
* * * LOW HITPOINT WARNING * * *
The ice beast freezes you.
* * * LOW HITPOINT WARNING * * *
You closely miss the ice beast.
The ice beast is severely wounded.
You feel sick. The ice beast hits you.
You die...

(. .( .. . ##+## .#.#
##...## (#.# ##.....##
##($.# .#####.......##
##(..#
..............####....##.##
..............'.@Y...(.....
#..........####....##### ##
#.#.......## ##.#.# .#
#.##.....## ##...#
.###.###...## ....# .....#
##+## ...## .##### ..## .#
.# .## .# ##.##


You could see an ice beast.

Vanquished Creatures
  2 ogres (D:4)
  A scorpion (D:4)
  A crimson imp (D:3)
  2 centaur skeletons (D:4)
  Ijyb (D:3)
  An orc wizard (D:3)
  A worker ant (D:5)
  5 adders
  An ooze (D:2)
  2 worms (D:3)
  3 dart slugs
  7 orcs
  14 bats
  2 giant cockroaches
  5 hobgoblins
  3 jackals (D:2)
  8 kobolds
  2 quokkas (D:2)
  A ball python (D:2)
  3 frilled lizards
  A giant cockroach zombie (D:5)
  7 goblins
  5 rats
78 creatures vanquished.

Notes
Turn   | Place    | Note
-------+----------+-------------------------------------------
     0 | D:1      | Amciq the Troll Berserker began the quest for the Orb.
     0 | D:1      | Reached XP level 1. HP: 22/22 MP: 0/0
   224 | D:1      | Reached XP level 2. HP: 26/29 MP: 1/1
   707 | D:2      | Reached XP level 3. HP: 37/37 MP: 2/2
   916 | D:2      | Reached ** piety under Trog
  1230 | D:3      | Reached XP level 4. HP: 45/45 MP: 3/3
  1290 | D:3      | Found a shattered altar of Ashenzari.
  1294 | D:3      | Found an ornate altar of the Wu Jian Council.
  1333 | D:3      | Reached skill level 1 in Throwing
  1357 | D:3      | Noticed Ijyb
  1366 | D:3      | Killed Ijyb
  1593 | D:3      | Reached XP level 5. HP: 54/54 MP: 4/4
  1787 | D:3      | Found a bloodstained altar of Trog.
  2073 | D:4      | Reached *** piety under Trog
  2117 | D:4      | Noticed an ogre
  2126 | D:4      | Killed an ogre
  2126 | D:4      | Reached XP level 6. HP: 62/62 MP: 5/5
  2616 | D:5      | Entered Level 5 of the Dungeon
  2695 | D:5      | Noticed an ice beast
  2716 | D:5      | HP: 4/94 [ice beast (6)]
  2717 | D:5      | Slain by an ice beast

Vault maps used:
D:1:      kennysheep_arrival_seaside, grunt_decor_arrowhead
D:2:      minmay_misc_feat_four_crosses
D:3:      nicolae_overflow_hidden_temple, uniq_iyjb
D:4:      cheibrodos_helix_gallery, first_bread
D:5:      uniq_menkaure

Skill      XL: |  1  2  3  4  5 |
---------------+----------------+-----
Maces & Flails | 3 4 |  4.8
Fighting       | 3 4 |  4.6
Throwing       | 1 2 |  2.9
Dodging        | |  2.4

Action                   |  1- 3 |  4- 6 || total
-------------------------+-------+-------++-------
Melee: Mace              |   111 |   125 ||   236
       Giant spiked club |       |    51 ||    51
Throw: Stone             |       |    34 ||    34
Invok: Berserk           |       |     5 ||     5
       Trog's Hand       |       |     1 ||     1
  Use: Scroll            |       |     3 ||     3
 Stab: Sleeping          |       |     1 ||     1
  Eat: Chunk             |    17 |    14 ||    31
Armor: Animal skin       |    53 |    97 ||   150
Dodge: Dodged            |    73 |   154 ||   227
